 Dungeon Crawl Stone Soup version 0.23-a0-612-gcb482e9 (webtiles) character file.

203 Borgoz the Skirmisher (level 5, -1/46 (47) HPs)
             Began as a Ghoul Abyssal Knight on Dec 22, 2018.
             Was a Believer of Lugonu.
             Slain by an ice beast (3 damage)
             ... on level 3 of the Dungeon.
             The game lasted 00:05:36 (2977 turns).

Borgoz the Skirmisher (Ghoul Abyssal Knight)        Turns: 2977, Time: 00:05:36

HP:   -1/46 (47)    AC:  3    Str: 16    XL:     5   Next: 81%
MP:   6/6           EV:  9    Int:  7    God:    Lugonu [**....]
Gold: 157           SH:  7    Dex:  9    Spells: 4/4 levels left

rFire    . . .     SeeInvis .   a - +0 war axe
rCold    + . .     Gourm    .   h - +0 shield
rNeg     + + +     Faith    .   b - +0 leather armour
rPois    ∞         Spirit   .   (no helmet)
rElec    .         Reflect  .   (no cloak)
rCorr    .         Harm     .   (no gloves)
MR       .....                  (no boots)
Stlth    +.........             (no amulet)
HPRegen  0.00/turn              (no ring)
MPRegen  0.10/turn              (no ring)

@: rotting, drained
A: rotting body, claws 1, carnivore, cold resistance 1, negative energy
resistance 3, inhibited regeneration, torment resistance, unbreathing
a: Depart the Abyss, Bend Space, Renounce Religion


You were on level 3 of the Dungeon.
You worshipped Lugonu.
Lugonu was pleased with you.
You were not hungry.

You visited 1 branch of the dungeon, and saw 3 of its levels.
You visited the Abyss 1 time.

You collected 157 gold pieces.

Inventory:

Hand Weapons
 a - a +0 war axe (weapon)
Armour
 b - a +0 leather armour (worn)
 h - a +0 shield (worn)
Scrolls
 e - 4 scrolls of remove curse {unknown}
 f - 3 scrolls of teleportation {unknown}
 i - a scroll of blinking {unknown}
 j - a scroll of enchant weapon {unknown}
 k - a scroll of identify {unknown}
Comestibles
 c - 3 rations
 g - 4 chunks of flesh


   Skills:
 * Level 4.4(4.1) Fighting
 * Level 2.6(2.3) Axes
 * Level 2.8(2.5) Armour
 * Level 2.1(1.9) Dodging
 + Level 0.8(0.6) Shields
 + Level 2.9(2.6) Invocations


You had 4 spell levels left.
You didn't know any spells.
Your spell library was empty.

Dungeon Overview and Level Annotations

Branches:
Dungeon (3/15)

Altars:
Kikubaaqudgha


Innate Abilities, Weirdness & Mutations

Your body is rotting away.
You thrive on raw meat.
You are immune to poison.
You have sharp fingernails.
You are carnivorous and can eat meat at any time.
Your flesh is cold resistant. (rC+)
You are immune to negative energy. (rN+++)
You do not regenerate when monsters are visible.
You are immune to unholy pain and torment.
You can survive without breathing.


Message History

The ice beast hits you.
* * * LOW HITPOINT WARNING * * *
The ice beast freezes you. You resist.
* * * LOW HITPOINT WARNING * * *
You aren't carrying any potions.
You hit the ice beast but do no damage.
The ice beast is severely wounded.
The ice beast hits you but does no damage.
The ice beast barely misses you.
Your shield prevents you from hitting the ice beast.
The ice beast is severely wounded.
The ice beast hits you.
* * * LOW HITPOINT WARNING * * *
The ice beast freezes you. You resist.
* * * LOW HITPOINT WARNING * * *
You feel your flesh rotting away.
As you read the scroll labeled DAASUMECUK, it crumbles to dust.
The scroll dissolves into smoke.
It was a scroll of fog.
The ice beast hits you.
You die...

#.#..........#
#.#........#.#
#.########.#.# #.#
#.#.#####
#.########.#.....#
#.#..............#
#.#.######.########
###(#§§..............
#..§Y@§§..##.########
#...§§§..............
#...§.§...##)########
#.........##.#
##.....#####.#
#.....# #.# #.....#
#.# #.....# #.#
#.....# #.#


You could see an ice beast.

Vanquished Creatures
  Natasha (thrice) (D:2)
  4 adders (D:2)
  3 dart slugs (D:1)
  4 leopard geckos
  An orc (D:3)
  2 ball pythons (D:1)
  10 bats
  3 bat zombies (D:2)
  5 giant cockroaches
  5 goblins
  6 hobgoblins
  9 jackals
  11 kobolds
  2 frilled lizards (D:1)
  8 rats
  2 rat zombies (D:2)
78 creatures vanquished.

Notes
Turn   | Place    | Note
-------+----------+-------------------------------------------
     0 | Abyss:1  | Borgoz the Ghoul Abyssal Knight began the quest for the
                  | Orb.
     0 | Abyss:1  | Reached XP level 1. HP: 19/19 MP: 1/1
    22 | Abyss:1  | Found a corrupted altar of Lugonu.
    71 | Abyss:1  | Noticed a bone dragon
    72 | Abyss:1  | Noticed an ancient zyme
    74 | D:1      | Escaped the Abyss
   236 | D:1      | Reached skill level 1 in Dodging
   239 | D:1      | Reached * piety under Lugonu
   239 | D:1      | Reached XP level 2. HP: 19/25 MP: 2/2
   570 | D:1      | Reached XP level 3. HP: 29/31 MP: 3/3
  1409 | D:2      | Reached XP level 4. HP: 35/40 MP: 4/4
  1442 | D:2      | Reached ** piety under Lugonu
  1598 | D:2      | Noticed Natasha
  1609 | D:2      | Killed Natasha
  1609 | D:2      | Reached skill level 4 in Fighting
  1609 | D:2      | Reached XP level 5. HP: 19/46 MP: 6/6
  1950 | D:2      | Noticed Natasha
  2092 | D:2      | Killed Natasha
  2325 | D:2      | Noticed Natasha
  2335 | D:2      | Killed Natasha
  2703 | D:2      | Found an ancient bone altar of Kikubaaqudgha.
  2953 | D:3      | Noticed an ice beast
  2974 | D:3      | HP: 2/47 [ice beast (3)]
  2977 | D:3      | Slain by an ice beast

Vault maps used:
D:1:      dpeg_cavernosity
D:2:      lemuel_zombie_altar_kikubaaqudgha, minmay_small_reverse_x,
          uniq_natasha
D:3:      first_ration

Skill      XL: |  1  2  3  4  5 |
---------------+----------------+-----
Dodging        | 1 2 |  2.1
Axes           | 2 |  2.6
Armour         | 2 |  2.8
Fighting       | 4 |  4.4
Shields        | |  0.8
Invocations    | |  2.9

Action                   |  1- 3 |  4- 6 || total
-------------------------+-------+-------++-------
Melee: Hand axe          |   125 |   146 ||   271
       War axe           |       |    18 ||    18
Invok: Depart the Abyss  |     1 |       ||     1
  Use: Potion            |     2 |     2 ||     4
       Scroll            |       |     1 ||     1
  Eat: Chunk             |    21 |    12 ||    33
Armor: Leather armour    |    43 |    53 ||    96
Dodge: Dodged            |    86 |   105 ||   191
Block: Shield            |       |    37 ||    37

Table legend:
 A = Non-vault XP
 B = Vault XP
 C = Vault XP percentage of total XP
 D = Non-vault monster count
 E = Vault monster count
 F = Vault count percentage of total count
                 A         B        C        D         E       F
            +---------+---------+-------+---------+---------+-------
      Total |     234 |      57 |  19.6 |      65 |      13 |  16.7
            +---------+---------+-------+---------+---------+-------
        D:1 |      63 |       6 |   8.7 |      34 |       4 |  10.5
        D:2 |     159 |      51 |  24.3 |      26 |       9 |  25.7
        D:3 |      12 |       0 |   0.0 |       5 |       0 |   0.0
            +---------+---------+-------+---------+---------+-------
